 Dungeon Crawl Stone Soup version 0.25.1-8-g42b30a86e7 (webtiles) character file.

Game seed: 5112352851131391634

84 Clowwww the Slasher (level 4, -1/34 HPs)
             Began as a Demonspawn Gladiator on Dec 6, 2020.
             Slain by an orc
             ... wielding a +0 hand axe
              (3 damage)
             ... on level 3 of the Dungeon.
             The game lasted 00:03:18 (1628 turns).

Clowwww the Slasher (Demonspawn Gladiator)          Turns: 1628, Time: 00:03:18

Health: -1/34      AC:  4    Str: 16    XL:     4   Next: 23%
Magic:  4/4        EV: 13    Int:  9    God:
Gold:   54         SH:  0    Dex: 16    Spells: 3/3 levels left

rFire    . . .     SeeInvis .   a - +0 long sword
rCold    . . .     Gourm    .   (no shield)
rNeg     . . .     Faith    .   b - +0 leather armour
rPois    .         Spirit   .   c - +0 helmet
rElec    .         Reflect  .   (no cloak)
rCorr    .         Harm     .   (no gloves)
MR       .....                  (no boots)
Stlth    ++........             (no amulet)
HPRegen  0.11/turn              (no ring)
MPRegen  0.09/turn              (no ring)

@: no status effects
A: thin skeletal structure 1, powered by pain 1
a: no special abilities


You were on level 3 of the Dungeon.
You were hungry.

You visited 1 branch of the dungeon, and saw 3 of its levels.

You collected 54 gold pieces.

Inventory:

Hand Weapons
 a - a +0 long sword (weapon)
Missiles
 d - 3 throwing nets (quivered)
Armour
 b - a +0 leather armour (worn)
 c - a +0 helmet (worn)
Scrolls
 e - a scroll of amnesia {unknown}
 g - 2 scrolls of teleportation {unknown}
 i - a scroll of fear {unknown}
 j - a scroll of enchant armour {unknown}
Potions
 h - a potion of heal wounds {unknown}
Comestibles
 f - 3 rations
 k - 2 chunks of flesh


   Skills:
 + Level 2.5 Fighting
 + Level 3.6 Long Blades
 + Level 1.7 Throwing
 + Level 1.2 Armour
 + Level 3.1 Dodging
 + Level 0.5 Stealth


You had 3 spell levels left.
You didn't know any spells.
Your spell library was empty.

Dungeon Overview and Level Annotations

Branches:
Dungeon (3/15)

Altars:
Dithmenos


Innate Abilities, Weirdness & Mutations

You have a somewhat thin skeletal structure. (Dex +2, Stealth)
You sometimes gain a little power by taking damage.


Message History

* * * LOW HITPOINT WARNING * * *
You slash the jackal!
You kill the jackal!
You closely miss the hobgoblin.
The hobgoblin is almost dead.
The hobgoblin hits you with a +0 club.
* * * LOW HITPOINT WARNING * * *
You completely miss the hobgoblin.
The hobgoblin is almost dead.
The hobgoblin hits you with a +0 club.
* * * LOW HITPOINT WARNING * * *
You completely miss the hobgoblin.
The hobgoblin is almost dead.
You are feeling hungry.
The hobgoblin barely misses you.
You riposte.
You hit the hobgoblin.
You kill the hobgoblin!
You slash the orc!
The orc is almost dead.
The orc hits you with a +0 hand axe.
You die...

# #< ##..#####
.......# ###..
#..##### ....
#...o@# .
#..###..##.# ...
#..#..###.#
....##.....##..##
............(....
.##.........##..
##.)[_...## #.
#.........# .
.............


You could see an orc.

Vanquished Creatures
  Jessica (D:3)
  2 adders (D:2)
  2 leopard geckos
  An orc (D:3)
  A ball python (D:3)
  2 bats (D:1)
  A giant cockroach (D:2)
  5 goblins
  6 hobgoblins
  A jackal (D:3)
  5 kobolds (D:1)
  A quokka (D:3)
  4 frilled lizards (D:1)
  4 rats (D:1)
36 creatures vanquished.

Notes
Turn   | Place    | Note
-------+----------+-------------------------------------------
     0 | D:1      | Clowwww the Demonspawn Gladiator began the quest for the
                  | Orb.
     0 | D:1      | Reached XP level 1. HP: 16/16 MP: 1/1
   313 | D:1      | Gained mutation: You have a somewhat thin skeletal
                  | structure. (Dex +2, Stealth) [demonic ancestry]
   313 | D:1      | Reached XP level 2. HP: 18/22 MP: 2/2
  1213 | D:2      | Reached XP level 3. HP: 20/27 MP: 3/3
  1602 | D:2      | You fall into a shaft and drop 1 floor!
  1602 | D:3      | Found a shadowy altar of Dithmenos.
  1603 | D:3      | Noticed Jessica
  1614 | D:3      | Killed Jessica
  1614 | D:3      | Reached skill level 1 in Armour
  1614 | D:3      | Gained mutation: You sometimes gain a little power by
                  | taking damage. [demonic ancestry]
  1614 | D:3      | Reached XP level 4. HP: 14/34 MP: 4/4
  1628 | D:3      | Slain by an orc

Illustrated notes

Levels and vault maps discovered:
D:1:      giann_forest_graveyard, layout_loops_ring, hex_large,
          minmay_misc_feat_tiny, wander_ebering_terrifying_dragon_lair
D:2:      layout_loops_ring
D:3:      layout_loops_ring, first_ration, nicolae_dithmenos_shadow_blocks,
          uniq_natasha, uniq_jessica

Skill      XL: |  1  2  3 |
---------------+----------+-----
Long Blades    | 3 |  3.6
Dodging        | 3 |  3.1
Armour         | 1 |  1.2
Fighting       | |  2.5
Throwing       | |  1.7
Stealth        | |  0.5

Action                   |  1- 3 |  4- 6 || total
-------------------------+-------+-------++-------
Melee: Long sword        |   109 |     7 ||   116
  Eat: Chunk             |     2 |       ||     2
Armor: Leather armour    |    31 |     3 ||    34
Dodge: Dodged            |   101 |    11 ||   112
       Rpst.: Long sword |    30 |     2 ||    32
